Map: Odyssey LE

Players

LoveSong

  • Race: Terran Terran
  • League: Gold
  • Spawn Location: 5:00

eXile - Winner!

  • Race: Zerg Zerg
  • League: Gold
  • Spawn Location: 11:00

VOD

Have the link to the VOD?

Description

Time

  • Played on: May 23, 2017, 7:54 p.m.
  • Length: 11:01
Show
View Real Time Build Order
Export as new Build Order

LoveSong Terran 

Build Orders: Reaper Expand, MMM Bio 

Get SALT Encoding   

  12  0:02  SCV  
  13  0:14  SCV  
  13  0:18  Supply Depot  
  14  0:26  SCV  
  15  0:30  Refinery  
  15  0:43  Barracks  
  15  0:48  SCV  
  16  1:00  SCV  
  17  1:12  SCV  
  18  1:24  SCV  
  19  1:35  Command Center  
  19  1:38  Reaper  
  20  1:40  SCV  
  20  1:46  Refinery  
  21  1:55  SCV  
  22  2:06  Factory  
  22  2:12  SCV  
  22  2:14  Supply Depot  
  23  2:25  Orbital Command  
  23  2:36  Barracks Reactor  
  23  2:53  SCV  
  23  2:55  Starport  
  23  2:58  Orbital Command  
  24  3:20  SCV  
  24  3:24  SCV  
  24  3:27  Barracks Tech Lab  
  26  3:33  SCV  
  27  3:37  SCV  
  28  3:48  Stimpack  
  28  3:49  SCV  
  28  3:50  Hellion x2  
  32  4:01  Supply Depot, SCV  
  33  4:10  Starport Reactor  
  33  4:11  Hellion  
  33  4:12  Hellion, Barracks  
  33  4:13  SCV  
  38  4:19  Marine  
  39  4:25  SCV  
  40  4:33  Hellion x2  
  40  4:37  Marine, SCV  
  46  4:38  Supply Depot  
  46  4:45  Engineering Bay  
  46  4:49  SCV  
  46  4:50  Supply Depot  
  47  4:54  Hellion x2  
  47  4:55  Marine  
  47  4:59  Viking  
  54  5:01  SCV  
  55  5:09  Marine  
  55  5:13  Marine, SCV  
  58  5:15  Supply Depot  
  58  5:16  Hellion x2  
  58  5:18  Supply Depot, Terran Infantry Weapons Level 1  
  58  5:20  SCV  
  63  5:25  Viking, SCV  
  67  5:31  Marauder  
  69  5:38  SCV  
  69  5:39  Barracks  
  70  5:47  Hellion x2  
  70  5:49  Barracks Reactor  
  73  5:50  SCV  
  73  5:53  Medivac  
  73  5:55  Medivac, SCV  
  79  6:02  SCV  
  80  6:10  Refinery  
  80  6:12  Refinery, Marine  
  80  6:14  SCV  
  80  6:15  Combat Shields  
  82  6:23  Medivac  
  82  6:25  Medivac  
  86  6:35  Supply Depot  
  86  6:56  Marine x3, Medivac, SCV  
  86  6:57  Supply Depot, Marauder  
  94  7:08  SCV  
  94  7:13  Terran Infantry Armor Level 1  
  94  7:14  Marine x3  
  98  7:17  Marine  
  98  7:21  SCV  
  100  7:32  Marine x3  
  100  7:36  Marauder  
  105  7:38  SCV  
  105  7:42  Armory  
  106  7:49  Marine x3, Barracks  
  109  7:57  Marine  
  110  8:13  Marine  
  110  8:30  Supply Depot  
  110  8:36  Barracks  
  110  8:49  Marine x2, Marauder  
  110  8:51  Marine  
  110  8:52  Medivac x2  
  110  8:53  Supply Depot  
  113  9:07  Marine x2  
  113  9:09  Marine  
  116  9:10  Marauder  
  116  9:14  Marine, SCV  
  120  9:22  Medivac x2  
  124  9:25  Marine x2  
  126  9:31  Factory Tech Lab  
  126  9:33  Barracks  
  126  9:39  Supply Depot  
  126  9:50  Marine  
  122  10:01  Supply Depot  
  116  10:12  Marine  
  116  10:13  Marine x2, SCV, Marauder  
  97  10:25  Supply Depot  
  92  10:30  Marine x2  
  92  10:31  Marine x2  
  92  10:34  Marauder  
Show
View Real Time Build Order
Export as new Build Order

eXile Zerg - Winner!

Build Orders: Hatch First 

Get SALT Encoding   

  12  0:07  Overlord  
  12  0:13  Drone  
  13  0:20  Drone  
  14  0:26  Drone  
  15  0:36  Drone  
  15  0:41  Drone  
  17  0:56  Hatchery  
  16  0:58  Drone  
  17  1:04  Drone  
  17  1:07  Extractor  
  17  1:19  Spawning Pool  
  17  1:20  Drone  
  17  1:23  Drone  
  18  1:34  Drone  
  19  1:45  Overlord  
  19  1:56  Drone  
  20  2:08  Queen, Metabolic Boost  
  20  2:09  Queen  
  20  2:12  Zergling x4  
  26  2:18  Drone  
  27  2:23  Drone  
  27  2:28  Overlord  
  28  2:44  Zergling x4  
  29  2:59  Queen  
  29  3:00  Queen  
  33  3:17  Baneling Nest  
  32  3:24  Drone x5  
  37  3:37  Hatchery  
  35  3:59  Drone x4  
  35  4:00  Drone x4  
  43  4:11  Pneumatized Carapace  
  43  4:15  Extractor  
  41  4:33  Roach Warren  
  39  4:48  Extractor  
  38  4:56  Evolution Chamber  
  38  4:57  Evolution Chamber  
  38  4:58  Lair  
  36  5:09  Drone x10  
  46  5:24  Drone x3  
  46  5:25  Overlord  
  46  5:26  Zerg Ground Armor Level 1, Zerg Missile Weapons Level 1  
  49  5:29  Overlord x3  
  49  5:41  Overlord x3  
  49  5:46  Queen  
  51  5:50  Roach x4  
  51  5:51  Roach x3  
  65  6:15  Roach x2  
  65  6:16  Roach x8  
  65  6:17  Roach  
  87  6:28  Overseer  
  87  6:54  Overlord x2  
  87  6:55  Overlord x2  
  87  7:09  Nydus Network  
  86  7:23  Zerg Missile Weapons Level 2  
  86  7:27  Overlord x2  
  86  7:28  Roach  
  86  7:29  Roach x7  
  102  7:41  Drone x2  
  102  7:42  Drone x9  
  113  7:49  Extractor  
  98  8:31  Ravager x3  
  98  8:32  Ravager x2  
  103  8:41  Roach  
  103  8:42  Roach x8  
  103  8:43  Zergling x16  
  103  8:45  Overlord x3  
  127  9:28  Nydus Canal  
  127  9:32  Zergling x12  
  127  9:33  Zergling x10  
  127  9:35  Queen  
  140  9:56  Roach x4, Zergling x4  
  150  10:09  Zergling x6  
  150  10:12  Queen, Overlord x4  
  150  10:13  Overlord  
Tags
 
Composition
MMM Bio
League
GoldGold
Matchup
TvZ
Spawn Locations
Cross Positions
Add a new tag
Caveats
  • Supply blocks, unpowered buildings, or Contaminate may cause inaccurate times.
  • Supply counts are checked every 10 seconds.